Map: Deathaura LE

Players

TorvaMessor

  • Race: Terran Terran
  • League: Bronze
  • Spawn Location: 11:00

ViBE - Winner!

  • Race: Protoss Protoss
  • Spawn Location: 5:00

VOD

Have the link to the VOD?

Description

Time

  • Played on: April 6, 2021, 12:15 a.m.
  • Length: 4:55
Show
View Real Time Build Order
Export as new Build Order

TorvaMessor Terran 

Build Orders:  

Get SALT Encoding   

  12  0:00  SCV  
  13  0:13  Supply Depot  
  13  0:18  SCV  
  14  0:30  SCV  
  15  0:37  Barracks  
  15  0:42  SCV  
  16  0:48  Supply Depot  
  16  0:54  SCV  
  17  1:10  Barracks  
  17  1:18  Barracks  
  17  1:26  Barracks  
  17  1:39  Barracks  
  17  1:47  Orbital Command  
  17  2:00  Supply Depot  
  17  2:04  Marine  
  17  2:05  Marine  
  19  2:13  Marine  
  20  2:19  Marine  
  20  2:22  Marine  
  21  2:23  Marine  
  21  2:27  Marine  
  24  2:31  Marine  
  24  2:36  Marine  
  25  2:40  Marine  
  25  2:41  Marine  
  28  2:44  Marine  
  28  2:49  Marine  
  30  2:54  Marine  
  30  2:58  Marine  
  32  2:59  Marine  
  32  3:02  Marine  
  34  3:06  Marine  
  34  3:12  Marine  
  36  3:17  Marine x2  
  38  3:24  Marine x2  
  40  3:30  Marine  
  41  3:35  Marine x2, Supply Depot  
  43  3:41  Marine  
  43  3:42  Marine  
  43  3:48  Marine  
  46  3:53  Marine x2  
  48  3:59  Marine  
  43  4:16  Marine x4  
  44  4:17  Marine  
  43  4:34  Marine x4  
  43  4:35  Marine  
Show
View Real Time Build Order
Export as new Build Order

ViBE Protoss - Winner!

Build Orders: 1 Gate Expand 

Get SALT Encoding   

  12  0:00  Probe  
  13  0:12  Probe  
  14  0:19  Pylon  
  14  0:25  Probe  
  15  0:37  Probe  
  15  0:38  Gateway  
  16  0:45  Assimilator  
  16  0:49  Probe  
  17  1:02  Probe (Chrono Boost)  
  18  1:14  Probe (Chrono Boost)  
  19  1:19  Probe (Chrono Boost)  
  20  1:29  Nexus, Probe  
  21  1:37  Cybernetics Core  
  21  1:46  Probe  
  22  1:55  Assimilator  
  22  1:58  Probe  
  23  2:04  Pylon  
  23  2:14  Warp Gate  
  23  2:19  Stalker (Chrono Boost)  
  23  2:22  Probe  
  26  2:24  Pylon  
  26  2:34  Probe  
  27  2:43  Shield Battery  
  27  2:45  Sentry  
  27  2:46  Probe (Chrono Boost)  
  27  2:47  Probe (Chrono Boost)  
  31  2:56  Probe x2 (Chrono Boost)  
  33  2:58  Robotics Facility  
  33  3:01  Probe x2 (Chrono Boost)  
  36  3:12  Probe  
  36  3:13  Stalker, Probe  
  36  3:16  Gateway  
  39  3:25  Probe x2  
  41  3:27  Pylon  
  41  3:37  Probe x2  
  43  3:49  Probe x2  
  43  3:54  Immortal  
  49  4:06  Stalker  
  43  4:10  Stalker  
  43  4:11  Probe x2  
  45  4:19  Pylon  
  45  4:23  Probe x2  
  46  4:40  Pylon  
  46  4:41  Stalker x2  
Tags
 
League
Bronze
Matchup
PvT
Player
ViBE
Replay Pack
Platinum_League
Spawn Locations
Cross Positions
Add a new tag
Caveats
  • Supply blocks, unpowered buildings, or Contaminate may cause inaccurate times.
  • Supply counts are checked every 10 seconds.